 Dungeon Crawl Stone Soup version 0.27-a0-40-g5f2be0e231 (webtiles) character file.

Game seed: 10715602307219528781

2 hehateme the Digger (level 1, 0/10 HPs)
             Began as a Kobold Earth Elementalist on Jan 6, 2021.
             Slain by a jackal (1 damage)
             ... on level 1 of the Dungeon.
             The game lasted 00:00:28 (128 turns).

hehateme the Digger (Kobold Earth Elementalist)      Turns: 128, Time: 00:00:29

Health: 0/10       AC:  2    Str:  5    XL:     1   Next: 33%
Magic:  1/3        EV: 15    Int: 16    God:
Gold:   0          SH:  0    Dex: 15    Spells: 3/4 levels left

rFire    . . .     SeeInvis .   (weapon restricted)
rCold    . . .     Faith    .   (shield restricted)
rNeg     . . .     Spirit   .   c - +0 robe
rPois    .         Reflect  .   (no helmet)
rElec    .         Harm     .   (no cloak)
rCorr    .         Rampage  .   (no gloves)
Will     .....                  (no boots)
Stlth    +++.......             (no amulet)
HPRegen  0.03/turn              (no ring)
MPRegen  0.08/turn              (no ring)

@: no status effects
A: small, nightstalker 3
a: no special abilities


You were on level 1 of the Dungeon.
You visited 1 branch of the dungeon, and saw 1 of its levels.

Inventory:

Missiles
 Q - 24 stones (quivered)
Armour
 c - a +0 robe (worn)
Scrolls
 a - a scroll of magic mapping {unknown}
 b - a scroll of teleportation {unknown}
 d - a scroll of identify {unknown}


   Skills:
 + Level 0.1 Fighting
 + Level 2.4 Dodging
 - Level 2.6 Stealth
 - Level 2.1 Spellcasting
 - Level 1.0 Transmutations
 * Level 3.0 Earth Magic


You had 3 spell levels left.
You knew the following spells:

 Your Spells              Type           Power        Failure   Level
a - Sandblast             Erth           22%          6%          1

Your spell library contained the following spells:

 Spells                   Type           Power        Failure   Level
 Passwall                 Tmut/Erth      6%           13%         2
 Stone Arrow              Conj/Erth      12%          32%         3
 Petrify                  Tmut/Erth      8%           65%         4
 Lee's Rapid Deconstruct  Erth           5%           85%         5


Dungeon Overview and Level Annotations

Branches:
Dungeon (1/15)

Altars:


Innate Abilities, Weirdness & Mutations

You are small and have problems with some larger weapons.
You are completely attuned to the shadows.


Message History

You hit the jackal but do no damage. The jackal barely misses you. x3
The jackal misses you.
You miss the jackal. The jackal bites you.
* * * LOW HITPOINT WARNING * * *
The jackal closely misses you.
You take 1 damage, and have 4/10 hp.
You hit the jackal. The jackal misses you. The jackal barely misses you. x2
You closely miss the jackal. The jackal closely misses you.
The jackal barely misses you. x2
Your magical contamination has completely faded away.
You closely miss the jackal. The jackal barely misses you.
The jackal bites you.
* * * LOW HITPOINT WARNING * * *
You take 1 damage, and have 3/10 hp.
You barely miss the jackal. The jackal bites you.
* * * LOW HITPOINT WARNING * * *
The jackal barely misses you. x3
You take 2 damage, and have 1/10 hp.
You closely miss the jackal. The jackal bites you.
You die...

.# #.### #...
####.#
#########....#
.........###.#
.........†...# #
.........###.####.#
.........###.@....#
######....##h#h#..
..............#
###.########.#
#.8.8.#### #.#
8.......8.###..
............#.#.
.#######..8.#.#..
sSw#....#

Notes
Turn   | Place    | Note
-------+----------+-------------------------------------------
     0 | D:1      | hehateme the Kobold Earth Elementalist began the quest for
                  | the Orb.
     0 | D:1      | Reached XP level 1. HP: 10/10 MP: 3/3
     6 | D:1      | Noticed a redback
     6 | D:1      | Noticed a black mamba
   127 | D:1      | HP: 1/10 [jackal (2)]
   128 | D:1      | Slain by a jackal

Table legend: (Time is in decaauts)
 A = Elapsed time spent in this place.
 B = Non-inter-level travel time spent in this place.
 C = Inter-level travel time spent in this place.
 D = Time resting spent in this place.
 E = Time spent auto-exploring this place.
 F = Levels seen in this place.
 G = Mean time per level.
                   A        B        C        D        E       F      G
               +--------+--------+--------+--------+--------+-----+--------+
         Total |    128 |    128 |      0 |      0 |     91 |   1 |  128.0 |
       Dungeon |    128 |    128 |      0 |      0 |     91 |   1 |  128.0 |
               +--------+--------+--------+--------+--------+-----+--------+

Top non-repeatable levels by time:
     D:1: 128 daAuts

Table legend:
 A = Kills in this place as a percentage of kills in entire the game.
 B = Kills by you in this place as a percentage of kills by you in the entire game.
 C = Kills by friends in this place as a percentage of kills by friends in the entire game.
 D = Other kills in this place as a percentage of other kills in the entire game.
 E = Experience gained in this place as a percentage of experience gained in the entire game.
 F = Experience gained in this place divided by the number of levels of this place that you have seen.
                   A       B       C       D       E      F
               +-------+-------+-------+-------+-------+----------------------
         Total | 100.0 | 100.0 |   N/A |   N/A | 100.0 |   3.0
       Dungeon | 100.0 | 100.0 |   N/A |   N/A | 100.0 |   3.0
               +-------+-------+-------+-------+-------+----------------------

Action                   || total
-------------------------++-------
Melee: Unarmed           ||     7
 Cast: Sandblast         ||     6
Dodge: Dodged            ||    21

Vanquished Creatures
  A ball python (D:1)
  A frilled lizard (D:1)
  A rat (D:1)
3 creatures vanquished. You could see 2 jackals.

Levels and vault maps discovered:
D:1:      onia_arrival_zoo_common, layout_basic
